 Dungeon Crawl Stone Soup version 0.25-a0-502-g6516661 (webtiles) character file.

Game seed: 13873962994619709941, levelgen mode: deterministic

403 Balder the Shield-Bearer (level 6, -4/79 HPs)
             Began as a Gnoll Fighter on Feb 12, 2020.
             Killed by divine providence
             ... invoked by an orc priest
              (9 damage)
             ... on level 4 of the Dungeon.
             The game lasted 00:10:03 (2859 turns).

Balder the Shield-Bearer (Gnoll Fighter)            Turns: 2859, Time: 00:10:04

Health: -4/79      AC: 23    Str: 19    XL:     6   Next: 86%
Magic:  9/9        EV:  2    Int: 10    God:
Gold:   106        SH: 11    Dex: 16    Spells: 9/9 levels left

rFire    . . .     SeeInvis .   a - +0 flail
rCold    . . .     Gourm    .   c - +0 kite shield
rNeg     + + +     Faith    .   (armour currently unavailable)
rPois    +         Spirit   .   (helmet currently unavailable)
rElec    .         Reflect  .   (cloak currently unavailable)
rCorr    .         Harm     .   (gloves currently unavailable)
MR       .....     NoTele   +   (boots currently unavailable)
Stlth    ++........             (no amulet)
HPRegen  0.23/turn              (no ring)
MPRegen  0.11/turn              (no ring)

@: tree-form
A: distributed training, strong nose
a: no special abilities


You were on level 4 of the Dungeon.
You were hungry.
You were a tree.
You visited 1 branch of the dungeon, and saw 4 of its levels.

You collected 106 gold pieces.

Inventory:

Hand Weapons
 a - a +0 flail (weapon)
 h - a +0 whip of venom
Missiles
 j - 3 atropa-tipped darts (quivered)
Armour
 b - a +0 scale mail (melded)
 c - a +0 kite shield (worn)
Scrolls
 e - 2 scrolls of identify {unknown}
 g - a scroll of magic mapping {unknown}
 i - 3 scrolls of teleportation {unknown}
 k - 2 scrolls of remove curse {unknown}
 q - 2 scrolls of enchant weapon {unknown}
Potions
 m - a potion of lignification
 n - a potion of curing
 o - a potion of flight {unknown}
 p - a potion of heal wounds {unknown}
Comestibles
 f - 8 rations


   Skills:
 + Level 6.9 Fighting
 + Level 2.1 Short Blades
 + Level 2.1 Long Blades
 + Level 2.1 Axes
 + Level 5.0 Maces & Flails
 + Level 2.1 Polearms
 + Level 2.1 Staves
 + Level 2.1 Slings
 + Level 2.1 Bows
 + Level 2.1 Crossbows
 + Level 2.1 Throwing
 + Level 6.9 Armour
 + Level 2.1 Dodging
 + Level 2.1 Stealth
 + Level 6.9 Shields
 + Level 2.1 Unarmed Combat
 + Level 2.1 Spellcasting
 + Level 1.6 Conjurations
 + Level 1.6 Hexes
 + Level 1.6 Charms
 + Level 1.6 Summonings
 + Level 1.6 Necromancy
 + Level 1.6 Translocations
 + Level 1.6 Transmutations
 + Level 1.6 Fire Magic
 + Level 1.6 Ice Magic
 + Level 1.6 Air Magic
 + Level 1.6 Earth Magic
 + Level 1.6 Poison Magic
 + Level 2.3 Invocations
 + Level 2.1 Evocations


You had 9 spell levels left.
You didn't know any spells.
Your spell library was empty.

Dungeon Overview and Level Annotations

Branches:
Dungeon (4/15)
 Temple: D:4-7

Altars:
Ru


Innate Abilities, Weirdness & Mutations

Your experience applies equally to all skills.
((You have very sharp teeth.))
Your uncanny sense of smell can sniff out nearby items.


Message History

You barely miss something. You block something's attack.
The orc priest miscasts a cantrip.
Something hits you but does no damage.
You miss something. You bite something. Something hits you but does no damage.
You barely miss something.
Something hits you but does no damage. x2
The orc priest casts a cantrip, but nothing happens.
You sock something!
Reactivating autopickup.
You feel a bit more experienced.
Your shield and scale mail prevent you from hitting the scorpion.
The orc priest invokes the aid of Beogh against you.
Beogh smites you!
* * * LOW HITPOINT WARNING * * *
You block the scorpion's attack.
It was a potion of lignification.
You turn into a tree.
Your +0 scale mail melds into your body.
Your roots penetrate the ground.
The scorpion barely misses you.
The orc priest invokes the aid of Beogh against you.
Beogh smites you!
You die...

.. ##. ..o #.. #
#.# # #.##.##.#
#.......#
#####.#### #+#
#.♣sol...# #.#
#.###.##.# ###.# #.
#.##.#### #.... #.
#.......###.... #.
####.###.##.... #.
#.## ##.#....
#.#####.# #)#.#.#
#.......## ##.#.###
########.###.......


You could see a scorpion, an orc priest and a frilled lizard.

Vanquished Creatures
  Sigmund (D:3)
  Terence (D:3)
  2 orc wizards (D:4)
  4 gnolls (D:3)
  5 adders
  8 worms
  2 dart slugs
  A leopard gecko (D:2)
  6 orcs
  4 ball pythons
  4 bats
  4 giant cockroaches
  6 goblins
  7 hobgoblins
  4 kobolds
  A quokka (D:3)
  4 frilled lizards
  2 rats (D:1)
66 creatures vanquished.

Notes
Turn   | Place    | Note
-------+----------+-------------------------------------------
     0 | D:1      | Balder the Gnoll Fighter began the quest for the Orb.
     0 | D:1      | Reached XP level 1. HP: 23/23 MP: 1/1
   269 | D:1      | Reached XP level 2. HP: 29/29 MP: 2/2
   717 | D:2      | Reached XP level 3. HP: 35/35 MP: 3/3
   943 | D:2      | Reached skill level 1 in Invocations
  1024 | D:2      | Reached skill level 1 in Short Blades
  1024 | D:2      | Reached skill level 1 in Long Blades
  1024 | D:2      | Reached skill level 1 in Axes
  1024 | D:2      | Reached skill level 1 in Polearms
  1024 | D:2      | Reached skill level 1 in Staves
  1024 | D:2      | Reached skill level 1 in Slings
  1024 | D:2      | Reached skill level 1 in Bows
  1024 | D:2      | Reached skill level 1 in Crossbows
  1024 | D:2      | Reached skill level 1 in Throwing
  1024 | D:2      | Reached skill level 1 in Dodging
  1024 | D:2      | Reached skill level 1 in Stealth
  1024 | D:2      | Reached skill level 1 in Unarmed Combat
  1024 | D:2      | Reached skill level 1 in Spellcasting
  1024 | D:2      | Reached skill level 1 in Evocations
  1142 | D:2      | Reached XP level 4. HP: 41/41 MP: 5/5
  1252 | D:2      | Found a sacrificial altar of Ru.
  1765 | D:3      | Reached skill level 1 in Conjurations
  1765 | D:3      | Reached skill level 1 in Hexes
  1765 | D:3      | Reached skill level 1 in Charms
  1765 | D:3      | Reached skill level 1 in Summonings
  1765 | D:3      | Reached skill level 1 in Necromancy
  1765 | D:3      | Reached skill level 1 in Translocations
  1765 | D:3      | Reached skill level 1 in Transmutations
  1765 | D:3      | Reached skill level 1 in Fire Magic
  1765 | D:3      | Reached skill level 1 in Ice Magic
  1765 | D:3      | Reached skill level 1 in Air Magic
  1765 | D:3      | Reached skill level 1 in Earth Magic
  1765 | D:3      | Reached skill level 1 in Poison Magic
  1809 | D:3      | Reached XP level 5. HP: 45/47 MP: 6/6
  2163 | D:3      | Noticed Terence
  2174 | D:3      | Killed Terence
  2449 | D:3      | Noticed Sigmund
  2459 | D:3      | Killed Sigmund
  2459 | D:3      | Reached skill level 5 in Maces & Flails
  2459 | D:3      | Reached XP level 6. HP: 42/53 MP: 7/9
  2859 | D:4      | Killed from afar by an orc priest

Levels and vault maps discovered:
D:1:      minmay_arrival_wavy_path, layout_basic
D:2:      layout_rooms, nicolae_ru_sacrificial_ziggurat
D:3:      minmay_skewed_foursquare, layout_basic, uniq_sigmund, uniq_terence
D:4:      layout_loops_corners

Skill      XL: |  1  2  3  4  5 |
---------------+----------------+-----
Invocations    | 1 2 |  2.3
Short Blades   | 1 2 |  2.1
Long Blades    | 1 2 |  2.1
Axes           | 1 2 |  2.1
Polearms       | 1 2 |  2.1
Staves         | 1 2 |  2.1
Slings         | 1 2 |  2.1
Bows           | 1 2 |  2.1
Crossbows      | 1 2 |  2.1
Throwing       | 1 2 |  2.1
Dodging        | 1 2 |  2.1
Stealth        | 1 2 |  2.1
Unarmed Combat | 1 2 |  2.1
Spellcasting   | 1 2 |  2.1
Evocations     | 1 2 |  2.1
Conjurations   | 1 |  1.6
Hexes          | 1 |  1.6
Charms         | 1 |  1.6
Summonings     | 1 |  1.6
Necromancy     | 1 |  1.6
Translocations | 1 |  1.6
Transmutations | 1 |  1.6
Fire Magic     | 1 |  1.6
Ice Magic      | 1 |  1.6
Air Magic      | 1 |  1.6
Earth Magic    | 1 |  1.6
Poison Magic   | 1 |  1.6
Maces & Flails | 5 |  5.0
Fighting       | |  6.9
Armour         | |  6.9
Shields        | |  6.9

Action                   |  1- 3 |  4- 6 || total
-------------------------+-------+-------++-------
Melee: Flail             |    84 |   176 ||   260
       Bite              |    14 |    23 ||    37
Throw: Dart              |     5 |     3 ||     8
  Use: Potion            |       |     2 ||     2
 Stab: Invisible         |       |     1 ||     1
  Eat: Chunk             |     1 |     5 ||     6
Armor: Scale mail        |    23 |    41 ||    64
Dodge: Dodged            |    18 |    42 ||    60
Block: Kite shield       |    41 |    70 ||   111

Table legend:
 A = Non-vault XP
 B = Vault XP
 C = Vault XP percentage of total XP
 D = Non-vault monster count
 E = Vault monster count
 F = Vault count percentage of total count
                 A         B        C        D         E       F
            +---------+---------+-------+---------+---------+-------
      Total |     282 |     294 |  51.0 |      58 |       8 |  12.1
            +---------+---------+-------+---------+---------+-------
        D:1 |      19 |       0 |   0.0 |      10 |       0 |   0.0
        D:2 |      79 |       0 |   0.0 |      21 |       0 |   0.0
        D:3 |     127 |     294 |  69.8 |      24 |       8 |  25.0
        D:4 |      57 |       0 |   0.0 |       3 |       0 |   0.0
            +---------+---------+-------+---------+---------+-------
